Colorado Rockies vs Arizona Coyotes
Created - Thursday, July 13, 2023 at 06:06
Goals
|
| Colorado Rockies |
0 |
2 |
1 |
1 |
4 |
| Arizona Coyotes |
0 |
0 |
3 |
0 |
3 |
|
Shots
|
| Colorado Rockies |
14 |
14 |
10 |
4 |
42 |
| Arizona Coyotes |
7 |
11 |
16 |
0 |
34 |
|
1st period
No Goal
Penalties :
Radko Gudas (AZC) for Interference (Minor) at 2:05, Tyler Seguin (AZC) for Hooking (Minor) at 7:16, Brayden McNabb (AZC) for Boarding (Minor) at 12:55, Andrei Vasilevskiy (COL) for Slashing (Minor) at 17:16 - Nick Bonino served the penalty
2nd period
1. Colorado Rockies , Nick Bonino 2 (Roman Josi 6, Dylan Strome 3) at 6:38
2. Colorado Rockies , Nikita Kucherov 5 (Kyle Connor 6, Evgeny Kuznetsov 4) at 14:48
Penalties :
No Penalty
3rd period
3. Arizona Coyotes , David Krejci 7 (Mats Zuccarello 7, Claude Giroux 11) at 2:50
4. Colorado Rockies , Kyle Connor 4 (Evgeny Kuznetsov 5) at 4:43 (PP)
5. Arizona Coyotes , Ilya Mikheyev 7 (Erik Haula 6) at 16:57
6. Arizona Coyotes , James van Riemsdyk 3 (Dmitry Orlov 5, Erik Haula 7) at 18:04
Penalties :
Jani Hakanpaa (AZC) for Hooking (Minor) at 4:41, Jesper Bratt (COL) for Interference (Minor) at 5:09, Kaapo Kahkonen (AZC) for Delaying the game (Minor) at 5:47 - David Krejci served the penalty
Overtime #1
7. Colorado Rockies , Jakub Vrana 4 (Victor Hedman 4, Nick Bonino 1) at 4:34
Penalties :
No Penalty
Goalie Stats
Andrei Vasilevskiy (COL), 31 saves from 34 shots - (0.912), W, 8-2-0, 64:34 minutes
Kaapo Kahkonen (AZC), 38 saves from 42 shots - (0.905), OTL, 6-5-1, 64:34 minutes
Players Stats for Colorado Rockies
Player Name G A P +/- PIM S H SB GA TA FO MP PP MP PK MP
------------------------------------------------------------------------------------
David Pastrnak 0 0 0 -1 0 5 1 1 1 0 0/0 18:17 2:33 0:00
Dylan Strome 0 1 1 2 0 1 0 0 0 1 1/4 8:40 0:00 0:00
Evgeny Kuznetsov 0 2 2 -1 0 2 0 1 0 0 11/30 21:04 4:04 0:00
Jakub Vrana 1 0 1 2 0 3 1 0 1 0 0/0 8:40 0:00 0:00
Jesper Bratt 0 0 0 -1 2 0 1 0 2 2 0/1 15:50 0:09 0:47
Kevin Hayes 0 0 0 0 0 1 1 0 0 1 0/2 15:03 0:00 1:06
Kyle Connor 1 1 2 -1 0 6 1 1 0 2 1/4 20:18 4:04 0:00
Martin Fehervary 0 0 0 1 0 0 1 0 0 1 0/0 15:45 0:00 0:00
Nick Bonino 1 1 2 2 0 1 0 0 0 1 0/0 8:51 0:00 0:09
Nick Schmaltz 0 0 0 0 0 2 0 0 1 0 0/1 17:59 2:24 1:31
Nikita Kucherov 1 0 1 -1 0 5 1 2 0 0 1/1 21:01 4:04 0:00
Quinn Hughes 0 0 0 -3 0 2 2 2 0 2 0/0 24:57 3:30 1:26
Roman Josi 0 1 1 -3 0 1 1 2 0 2 0/0 22:54 3:07 1:11
Ryan O'Reilly 0 0 0 -1 0 1 0 0 0 0 8/18 19:26 2:33 1:09
Shea Theodore 0 0 0 1 0 4 0 1 0 1 0/0 20:59 3:30 1:26
Tim Stutzle 0 0 0 0 0 4 2 0 0 0 5/9 14:34 0:00 0:32
Victor Hedman 0 1 1 2 0 3 3 1 2 0 0/0 24:44 3:07 1:11
Zachary Werenski 0 0 0 2 0 1 0 1 0 1 0/0 19:49 0:00 0:00
Players Stats for Arizona Coyotes
Player Name G A P +/- PIM S H SB GA TA FO MP PP MP PK MP
------------------------------------------------------------------------------------
Brandon Tanev 0 0 0 -1 0 0 1 0 0 1 0/0 8:00 0:00 0:02
Brayden McNabb 0 0 0 0 2 1 1 4 0 0 0/0 27:28 1:29 2:11
Charlie Coyle 0 0 0 -1 0 4 2 0 2 0 2/2 21:00 1:13 3:02
Claude Giroux 0 1 1 1 0 3 1 0 0 0 10/14 24:12 1:24 3:10
David Krejci 1 0 1 1 0 3 1 2 1 1 12/21 22:59 1:12 2:44
Dmitry Orlov 0 1 1 0 0 4 2 3 0 0 0/0 28:27 1:29 3:11
Erik Haula 0 2 2 1 0 2 0 0 1 0 7/10 12:18 0:00 0:41
Ilya Mikheyev 1 0 1 1 0 1 2 1 0 0 1/2 12:23 0:01 0:25
James van Riemsdyk 1 0 1 1 0 5 0 0 1 0 1/3 11:56 0:01 0:00
Jani Hakanpaa 0 0 0 0 2 0 2 0 0 0 0/0 12:31 0:00 0:37
Jared Spurgeon 0 0 0 0 0 2 1 1 0 2 0/0 24:12 1:08 3:26
Mats Zuccarello 0 1 1 1 0 4 0 0 3 1 0/1 24:12 1:24 3:10
Matt Dumba 0 0 0 0 0 1 1 2 1 2 0/0 24:35 1:08 3:49
Ondrej Palat 0 0 0 -1 0 0 2 0 0 0 0/1 16:44 1:12 0:00
Radko Gudas 0 0 0 0 2 0 2 0 0 0 0/0 11:58 0:00 0:00
Ross Colton 0 0 0 -1 0 1 0 0 1 0 1/2 7:22 0:00 0:00
Tanner Jeannot 0 0 0 -1 0 0 1 1 0 0 1/1 7:22 0:00 0:00
Tyler Seguin 0 0 0 -1 2 3 1 0 4 0 8/13 17:09 1:24 0:00
3 Stars
1 - Nick Bonino (COL)
2 - Jakub Vrana (COL)
3 - Victor Hedman (COL)
Power Play
Colorado Rockies - 1 on 5 Attempt(s) - 20.00%
Arizona Coyotes - 0 on 2 Attempt(s) - 0.00%
Penalty Kill
Colorado Rockies - 2 on 2 Attempt(s) - 100.00%
- Score 0 goal in Penalty Kill
Arizona Coyotes - 4 on 5 Attempt(s) - 80.00%
- Score 0 goal in Penalty Kill
Team Stat
Colorado Rockies - Hits : 15 - Faceoff Wins : 27 - Blocked Shots : 12 - Penalty Minutes : 4
Arizona Coyotes - Hits : 20 - Faceoff Wins : 43 - Blocked Shots : 14 - Penalty Minutes : 10
Official
Referees : Tim Peel and Dave Lewis
Linesman : Ryan Gibbons and Devin Berg
Game Notes
No Game Note
Finance
Level 1 -- Attendance: 6000 (100.00%) -- Ticket Income $570,000
Level 2 -- Attendance: 5000 (100.00%) -- Ticket Income $285,000
Level 3 -- Attendance: 3000 (100.00%) -- Ticket Income $93,000
Level 4 -- Attendance: 5000 (100.00%) -- Ticket Income $105,000
Luxury Box -- Attendance: 1000 (100.00%) -- Ticket Income $194,000
Game was played at the Gila River Arena.
Total Attendance: 20000 (100.00%)
Total Ticket Income: $1,247,000
Other Income: $436,450
Total Income: $1,683,450
Colorado Rockies
5 vs 5 Forward
Center Left Wing Right Wing Time % Phy DF OF
1 Evgeny Kuznetsov Kyle Connor Nikita Kucherov 31 1 2 2
2 Ryan O'Reilly Jesper Bratt David Pastrnak 31 1 2 2
3 Tim Stutzle Kevin Hayes Nick Schmaltz 25 1 2 2
4 Dylan Strome Nick Bonino Jakub Vrana 13 1 2 2
5 vs 5 Defense
Defense Defense Time % Phy DF OF
1 Victor Hedman Zachary Werenski 35 1 2 2
2 Quinn Hughes Roman Josi 35 1 2 2
3 Shea Theodore Martin Fehervary 30 1 2 2
4 Victor Hedman Roman Josi 0 1 2 2
PowerPlay Forward
Center Left Wing Right Wing Time % Phy DF OF
1 Evgeny Kuznetsov Kyle Connor Nikita Kucherov 58 1 2 2
2 Ryan O'Reilly Nick Schmaltz David Pastrnak 42 1 2 2
PowerPlay Defense
Defense Defense Time % Phy DF OF
1 Victor Hedman Roman Josi 50 1 2 2
2 Quinn Hughes Shea Theodore 50 1 2 2
Penalty Kill 4 Players Forward
Center Wing Time % Phy DF OF
1 Kevin Hayes Nick Bonino 50 1 2 2
2 Ryan O'Reilly Nick Schmaltz 50 1 2 2
Penalty Kill 4 Players Defense
Defense Defense Time % Phy DF OF
1 Victor Hedman Roman Josi 50 1 2 2
2 Quinn Hughes Shea Theodore 50 1 2 2
Penalty Kill - 3 Players Forward
Forward Time % Phy DF OF
1 Kevin Hayes 50 1 2 2
2 Nick Bonino 50 1 2 2
Penalty Kill - 3 Players Defense
Defense Defense Time % Phy DF OF
1 Victor Hedman Roman Josi 50 1 2 2
2 Quinn Hughes Shea Theodore 50 1 2 2
4 vs 4 Forward
Center Wing Time % Phy DF OF
1 Evgeny Kuznetsov Nikita Kucherov 50 1 2 2
2 Ryan O'Reilly David Pastrnak 50 1 2 2
4 vs 4 Defense
Defense Defense Time % Phy DF OF
1 Victor Hedman Roman Josi 50 1 2 2
2 Quinn Hughes Shea Theodore 50 1 2 2
Last Minutes Offensive
Center Left Wing Right Wing Defense Defense
Evgeny Kuznetsov Kyle Connor Nikita Kucherov Victor Hedman Roman Josi
Last Minutes Defensive
Center Left Wing Right Wing Defense Defense
Evgeny Kuznetsov Kyle Connor Nikita Kucherov Victor Hedman Roman Josi
Goaltenders
Starting : Andrei Vasilevskiy
Backup : Ilya Samsonov
Extra Forwards
Normal : Tim Stutzle, Kevin Hayes, Jesper Bratt - PP : Tim Stutzle, Kevin Hayes - PK : Jesper Bratt
Extra Defensemen
Normal : Shea Theodore, Martin Fehervary, Quinn Hughes - PP : Shea Theodore - PK : Martin Fehervary, Quinn Hughes
Penalty Shots
Evgeny Kuznetsov, Jakub Vrana, Jesper Bratt, Kevin Hayes, Kyle Connor
Arizona Coyotes
5 vs 5 Forward
Center Left Wing Right Wing Time % Phy DF OF
1 David Krejci Mats Zuccarello Claude Giroux 40 1 2 2
2 Tyler Seguin Ondrej Palat Charlie Coyle 30 1 2 2
3 Erik Haula Ilya Mikheyev James van Riemsdyk 20 1 2 2
4 Ross Colton Tanner Jeannot Brandon Tanev 10 1 2 2
5 vs 5 Defense
Defense Defense Time % Phy DF OF
1 Brayden McNabb Dmitry Orlov 40 1 2 2
2 Matt Dumba Jared Spurgeon 30 1 2 2
3 Radko Gudas Jani Hakanpaa 20 1 2 2
4 Brayden McNabb Dmitry Orlov 10 1 2 2
PowerPlay Forward
Center Left Wing Right Wing Time % Phy DF OF
1 Claude Giroux Mats Zuccarello Tyler Seguin 55 1 2 2
2 David Krejci Ondrej Palat Charlie Coyle 45 1 2 2
PowerPlay Defense
Defense Defense Time % Phy DF OF
1 Brayden McNabb Dmitry Orlov 55 1 2 2
2 Matt Dumba Jared Spurgeon 45 1 2 2
Penalty Kill 4 Players Forward
Center Wing Time % Phy DF OF
1 Claude Giroux Mats Zuccarello 50 1 2 2
2 Charlie Coyle David Krejci 50 1 2 2
Penalty Kill 4 Players Defense
Defense Defense Time % Phy DF OF
1 Brayden McNabb Dmitry Orlov 50 1 3 1
2 Matt Dumba Jared Spurgeon 50 1 3 1
Penalty Kill - 3 Players Forward
Forward Time % Phy DF OF
1 Claude Giroux 50 1 2 2
2 Mats Zuccarello 50 1 2 2
Penalty Kill - 3 Players Defense
Defense Defense Time % Phy DF OF
1 Brayden McNabb Dmitry Orlov 50 1 3 1
2 Matt Dumba Jared Spurgeon 50 1 3 1
4 vs 4 Forward
Center Wing Time % Phy DF OF
1 Claude Giroux Mats Zuccarello 50 1 2 2
2 Charlie Coyle David Krejci 50 1 2 2
4 vs 4 Defense
Defense Defense Time % Phy DF OF
1 Brayden McNabb Dmitry Orlov 50 1 2 2
2 Matt Dumba Jared Spurgeon 50 1 2 2
Last Minutes Offensive
Center Left Wing Right Wing Defense Defense
Claude Giroux Mats Zuccarello Charlie Coyle Brayden McNabb Dmitry Orlov
Last Minutes Defensive
Center Left Wing Right Wing Defense Defense
Claude Giroux Mats Zuccarello Charlie Coyle Brayden McNabb Dmitry Orlov
Goaltenders
Starting : Kaapo Kahkonen
Backup : Elvis Merzlikins
Extra Forwards
Normal : Ilya Mikheyev, James van Riemsdyk, Erik Haula - PP : Ilya Mikheyev, James van Riemsdyk - PK : Erik Haula
Extra Defensemen
Normal : Radko Gudas, Jani Hakanpaa, Matt Dumba - PP : Radko Gudas - PK : Jani Hakanpaa, Matt Dumba
Penalty Shots
Claude Giroux, Mats Zuccarello, Charlie Coyle, David Krejci, Ondrej Palat
% Time on Ice - Colorado Rockies
Lines # - Real PCT - Wanted PCT - Time Play
Normal Forward
1 - 30% - 31% - 16:22
2 - 28% - 31% - 15:06
3 - 26% - 25% - 13:51
4 - 16% - 13% - 8:40
Normal Defense
1 - 35% - 35% - 18:59
2 - 35% - 35% - 18:40
3 - 29% - 30% - 15:45
4 - 1% - 0% - 0:35
PP Forward
1 - 61% - 58% - 4:04
2 - 39% - 42% - 2:33
PP Defense
1 - 47% - 50% - 3:07
2 - 53% - 50% - 3:30
PK Forward
1 - 56% - 50% - 1:28
2 - 44% - 50% - 1:09
PK Defense
1 - 45% - 50% - 1:11
2 - 55% - 50% - 1:26
PK3 Forward
1 - 0% - 50%
2 - 0% - 50%
PK3 Defense
1 - 0% - 50%
2 - 0% - 50%
44 Forward
1 - 53% - 50% - 0:43
2 - 47% - 50% - 0:38
44 Defense
1 - 64% - 50% - 0:52
2 - 36% - 50% - 0:29
Last Minute Offensive - 0:00
Last Minute Defensive - 0:00
Total
Forward - 64:34
Defense - 64:34
|
% Time on Ice - Arizona Coyotes
Lines # - Real PCT - Wanted PCT - Time Play
Normal Forward
1 - 35% - 40% - 19:04
2 - 30% - 30% - 16:15
3 - 21% - 20% - 11:18
4 - 14% - 10% - 7:22
Normal Defense
1 - 39% - 40% - 21:10
2 - 35% - 30% - 19:01
3 - 22% - 20% - 11:55
4 - 3% - 10% - 1:53
PP Forward
1 - 54% - 55% - 1:24
2 - 46% - 45% - 1:13
PP Defense
1 - 57% - 55% - 1:29
2 - 43% - 45% - 1:08
PK Forward
1 - 48% - 50% - 3:10
2 - 52% - 50% - 3:27
PK Defense
1 - 48% - 50% - 3:11
2 - 52% - 50% - 3:26
PK3 Forward
1 - 0% - 50%
2 - 0% - 50%
PK3 Defense
1 - 0% - 50%
2 - 0% - 50%
44 Forward
1 - 42% - 50% - 0:34
2 - 58% - 50% - 0:47
44 Defense
1 - 54% - 50% - 0:44
2 - 46% - 50% - 0:37
Last Minute Offensive - 0:00
Last Minute Defensive - 0:00
Total
Forward - 64:34
Defense - 64:34
|
Play-by-Play
1st period
0:01 of 1st period - Nikita Kucherov wins face-off versus David Krejci in neutral zone.
1:21 of 1st period - Snap shot by Dylan Strome.
1:21 of 1st period - Stopped by Kaapo Kahkonen with a rebound.
1:41 of 1st period - Wrist shot by Mats Zuccarello.
1:41 of 1st period - Stopped by Andrei Vasilevskiy without a rebound.
1:42 of 1st period - David Krejci wins face-off versus Ryan O'Reilly in Colorado Rockies zone.
2:05 of 1st period - Minor Penalty to Radko Gudas for Interference.
2:06 of 1st period - Kyle Connor wins face-off versus Claude Giroux in Arizona Coyotes zone.
2:17 of 1st period - Snap shot by Kyle Connor.
2:17 of 1st period - Shot Blocked by Brayden McNabb.
2:19 of 1st period - Snap shot by Kyle Connor.
2:19 of 1st period - Stopped by Kaapo Kahkonen without a rebound.
2:20 of 1st period - Charlie Coyle wins face-off versus Evgeny Kuznetsov in Arizona Coyotes zone.
2:20 of 1st period - Charlie Coyle is hit by Nikita Kucherov.
4:05 of 1st period - Penalty to Radko Gudas is over, Radko Gudas is back on ice.
4:16 of 1st period - Nick Bonino is hit by Radko Gudas and loses puck.
4:35 of 1st period - Icing by Kevin Hayes.
4:36 of 1st period - Ross Colton wins face-off versus Tim Stutzle in Colorado Rockies zone.
4:52 of 1st period - Slapshot by Dmitry Orlov.
4:52 of 1st period - Stopped by Andrei Vasilevskiy without a rebound.
4:53 of 1st period - Evgeny Kuznetsov wins face-off versus Tyler Seguin in Colorado Rockies zone.
5:08 of 1st period - Roman Josi is hit by Tyler Seguin and loses puck.
5:40 of 1st period - Slapshot by Erik Haula.
5:40 of 1st period - Stopped by Andrei Vasilevskiy without a rebound.
5:41 of 1st period - Tim Stutzle wins face-off versus James van Riemsdyk in Colorado Rockies zone.
6:07 of 1st period - Kyle Connor is hit by Charlie Coyle and loses puck.
6:37 of 1st period - Mats Zuccarello is hit by Martin Fehervary and loses puck.
6:54 of 1st period - Off-side.
6:55 of 1st period - Tyler Seguin wins face-off versus Dylan Strome in neutral zone.
7:16 of 1st period - Minor Penalty to Tyler Seguin for Hooking.
7:17 of 1st period - Claude Giroux wins face-off versus Evgeny Kuznetsov in Arizona Coyotes zone.
7:50 of 1st period - Slapshot by David Pastrnak.
7:50 of 1st period - Shot Blocked by Brayden McNabb.
7:52 of 1st period - Slapshot by Quinn Hughes.
7:52 of 1st period - Stopped by Kaapo Kahkonen with a rebound.
7:54 of 1st period - Wrist shot by Ryan O'Reilly.
7:54 of 1st period - Shot Hit the Post.
8:05 of 1st period - Icing by Evgeny Kuznetsov.
8:06 of 1st period - Claude Giroux wins face-off versus Kyle Connor in Colorado Rockies zone.
8:11 of 1st period - Backhand shot by Claude Giroux.
8:11 of 1st period - Stopped by Andrei Vasilevskiy without a rebound.
8:12 of 1st period - Evgeny Kuznetsov wins face-off versus Mats Zuccarello in Colorado Rockies zone.
8:25 of 1st period - Slapshot by Nikita Kucherov.
8:25 of 1st period - Shot Misses the Net.
8:27 of 1st period - Snap shot by Evgeny Kuznetsov.
8:27 of 1st period - Shot Misses the Net.
8:49 of 1st period - Slapshot by David Pastrnak.
8:49 of 1st period - Stopped by Kaapo Kahkonen without a rebound.
8:50 of 1st period - Claude Giroux wins face-off versus Evgeny Kuznetsov in Arizona Coyotes zone.
8:57 of 1st period - Wrist shot by Claude Giroux.
8:57 of 1st period - Stopped by Andrei Vasilevskiy without a rebound.
8:58 of 1st period - Claude Giroux wins face-off versus Evgeny Kuznetsov in Colorado Rockies zone.
9:09 of 1st period - Backhand shot by Mats Zuccarello.
9:09 of 1st period - Shot Misses the Net.
9:16 of 1st period - Penalty to Tyler Seguin is over, Tyler Seguin is back on ice.
9:21 of 1st period - Snap shot by Evgeny Kuznetsov.
9:21 of 1st period - Shot Misses the Net.
9:23 of 1st period - Slapshot by Nikita Kucherov.
9:23 of 1st period - Stopped by Kaapo Kahkonen with a rebound.
9:27 of 1st period - Slapshot by Nikita Kucherov.
9:27 of 1st period - Shot Misses the Net.
9:29 of 1st period - Snap shot by Kyle Connor.
9:29 of 1st period - Stopped by Kaapo Kahkonen without a rebound.
9:30 of 1st period - Ryan O'Reilly wins face-off versus Tyler Seguin in Arizona Coyotes zone.
9:35 of 1st period - Snap shot by Jesper Bratt.
9:35 of 1st period - Deflect By David Pastrnak.
9:35 of 1st period - Stopped by Kaapo Kahkonen without a rebound.
9:36 of 1st period - Ryan O'Reilly wins face-off versus Tyler Seguin in Arizona Coyotes zone.
10:07 of 1st period - Wrist shot by Tim Stutzle.
10:07 of 1st period - Stopped by Kaapo Kahkonen with a rebound.
10:09 of 1st period - Backhand shot by Zachary Werenski.
10:09 of 1st period - Shot Blocked by Matt Dumba.
10:11 of 1st period - Slapshot by Tim Stutzle.
10:11 of 1st period - Stopped by Kaapo Kahkonen with a rebound.
10:13 of 1st period - Slapshot by Victor Hedman.
10:13 of 1st period - Deflect By Jared Spurgeon.
10:13 of 1st period - Stopped by Kaapo Kahkonen with a rebound.
10:15 of 1st period - Slapshot by Nick Schmaltz.
10:15 of 1st period - Stopped by Kaapo Kahkonen with a rebound.
11:39 of 1st period - Nick Schmaltz is hit by David Krejci and loses puck.
12:32 of 1st period - Snap shot by Ross Colton.
12:32 of 1st period - Stopped by Andrei Vasilevskiy without a rebound.
12:33 of 1st period - Dylan Strome wins face-off versus Ross Colton in Colorado Rockies zone.
12:44 of 1st period - Wrist shot by Jakub Vrana.
12:44 of 1st period - Stopped by Kaapo Kahkonen with a rebound.
12:46 of 1st period - Snap shot by Dylan Strome.
12:46 of 1st period - Deflect By Jared Spurgeon.
12:46 of 1st period - Shot Blocked by Matt Dumba.
12:46 of 1st period - Puck is out of play.
12:47 of 1st period - Evgeny Kuznetsov wins face-off versus Claude Giroux in Arizona Coyotes zone.
12:55 of 1st period - Minor Penalty to Brayden McNabb for Boarding.
12:56 of 1st period - Charlie Coyle wins face-off versus Evgeny Kuznetsov in Arizona Coyotes zone.
14:55 of 1st period - Penalty to Brayden McNabb is over, Brayden McNabb is back on ice.
15:21 of 1st period - Zachary Werenski is hit by Radko Gudas and loses puck.
15:30 of 1st period - Snap shot by James van Riemsdyk.
15:30 of 1st period - Shot Misses the Net.
15:55 of 1st period - Nick Bonino is hit by Ondrej Palat and loses puck.
16:37 of 1st period - Brayden McNabb is hit by Tim Stutzle and loses puck.
17:14 of 1st period - Icing by Shea Theodore.
17:15 of 1st period - Erik Haula wins face-off versus Dylan Strome in Colorado Rockies zone.
17:16 of 1st period - Wrist shot by James van Riemsdyk.
17:16 of 1st period - Stopped by Andrei Vasilevskiy without a rebound.
17:16 of 1st period - Minor Penalty to Andrei Vasilevskiy for Slashing.
17:17 of 1st period - Claude Giroux wins face-off versus Kevin Hayes in Colorado Rockies zone.
17:18 of 1st period - Wrist shot by Mats Zuccarello.
17:18 of 1st period - Deflect By Claude Giroux.
17:18 of 1st period - Shot Misses the Net.
17:18 of 1st period - Puck is out of play.
17:19 of 1st period - Claude Giroux wins face-off versus Kevin Hayes in Colorado Rockies zone.
19:16 of 1st period - Penalty to Nick Bonino is over, Nick Bonino is back on ice.
19:29 of 1st period - Wrist shot by Nikita Kucherov.
19:29 of 1st period - Deflect By Matt Dumba.
19:29 of 1st period - Shot Blocked by Tanner Jeannot.
19:29 of 1st period - Puck is out of play.
19:30 of 1st period - Tanner Jeannot wins face-off versus Evgeny Kuznetsov in Arizona Coyotes zone.
19:40 of 1st period - Slapshot by Nikita Kucherov.
19:40 of 1st period - Stopped by Kaapo Kahkonen with a rebound.
19:42 of 1st period - Backhand shot by Evgeny Kuznetsov.
19:42 of 1st period - Shot Misses the Net.
19:44 of 1st period - Slapshot by Zachary Werenski.
19:44 of 1st period - Deflect By Ross Colton.
19:44 of 1st period - Stopped by Kaapo Kahkonen without a rebound.
19:45 of 1st period - Claude Giroux wins face-off versus Ryan O'Reilly in Arizona Coyotes zone.
Goals for this period are 0 for Colorado Rockies vs 0 for Arizona Coyotes.
Shots for this period are 14 for Colorado Rockies vs 7 for Arizona Coyotes.
2nd period
0:01 of 2nd period - Evgeny Kuznetsov wins face-off versus David Krejci in neutral zone.
0:06 of 2nd period - Wrist shot by Nikita Kucherov.
0:06 of 2nd period - Shot Blocked by Brayden McNabb.
0:08 of 2nd period - Slapshot by Quinn Hughes.
0:08 of 2nd period - Shot Blocked by Dmitry Orlov.
0:10 of 2nd period - Snap shot by Evgeny Kuznetsov.
0:10 of 2nd period - Stopped by Kaapo Kahkonen with a rebound.
0:12 of 2nd period - Slapshot by Quinn Hughes.
0:12 of 2nd period - Shot Blocked by David Krejci.
0:54 of 2nd period - Quinn Hughes is hit by Jared Spurgeon and loses puck.
2:09 of 2nd period - Wrist shot by David Pastrnak.
2:09 of 2nd period - Stopped by Kaapo Kahkonen without a rebound.
2:10 of 2nd period - David Krejci wins face-off versus Ryan O'Reilly in Arizona Coyotes zone.
2:41 of 2nd period - Wrist shot by Mats Zuccarello.
2:41 of 2nd period - Stopped by Andrei Vasilevskiy without a rebound.
2:42 of 2nd period - Tyler Seguin wins face-off versus Evgeny Kuznetsov in Colorado Rockies zone.
3:09 of 2nd period - Radko Gudas is hit by Roman Josi and loses puck.
3:16 of 2nd period - Slapshot by Victor Hedman.
3:16 of 2nd period - Deflect By Tyler Seguin.
3:16 of 2nd period - Stopped by Kaapo Kahkonen with a rebound.
3:58 of 2nd period - Shea Theodore is hit by Jani Hakanpaa and loses puck.
4:25 of 2nd period - Wrist shot by Tanner Jeannot.
4:25 of 2nd period - Shot Misses the Net.
4:57 of 2nd period - Wrist shot by James van Riemsdyk.
4:57 of 2nd period - Shot Blocked by Quinn Hughes.
4:59 of 2nd period - Snap shot by Brayden McNabb.
4:59 of 2nd period - Deflect By James van Riemsdyk.
4:59 of 2nd period - Deflect By Tim Stutzle.
4:59 of 2nd period - Stopped by Andrei Vasilevskiy with a rebound.
5:01 of 2nd period - Slapshot by Dmitry Orlov.
5:01 of 2nd period - Shot Misses the Net.
5:56 of 2nd period - Evgeny Kuznetsov is hit by Matt Dumba and loses puck.
6:26 of 2nd period - Snap shot by Jakub Vrana.
6:26 of 2nd period - Deflect By Dylan Strome.
6:26 of 2nd period - Shot Misses the Net.
6:26 of 2nd period - Puck is out of play.
6:27 of 2nd period - Tyler Seguin wins face-off versus Dylan Strome in Arizona Coyotes zone.
6:36 of 2nd period - Slapshot by Roman Josi.
6:36 of 2nd period - Stopped by Kaapo Kahkonen with a rebound.
6:38 of 2nd period - Snap shot by Nick Bonino.
6:38 of 2nd period - Goal by Nick Bonino - Colorado Rockies : 1 - Arizona Coyotes : 0.
6:39 of 2nd period - Evgeny Kuznetsov wins face-off versus David Krejci in neutral zone.
7:40 of 2nd period - Slapshot by Jared Spurgeon.
7:40 of 2nd period - Stopped by Andrei Vasilevskiy without a rebound.
7:41 of 2nd period - David Krejci wins face-off versus Ryan O'Reilly in Colorado Rockies zone.
7:52 of 2nd period - Snap shot by David Pastrnak.
7:52 of 2nd period - Shot Hit the Post.
8:08 of 2nd period - Mats Zuccarello is hit by Quinn Hughes and loses puck.
8:40 of 2nd period - Snap shot by Kyle Connor.
8:40 of 2nd period - Stopped by Kaapo Kahkonen with a rebound.
8:42 of 2nd period - Wrist shot by Evgeny Kuznetsov.
8:42 of 2nd period - Stopped by Kaapo Kahkonen with a rebound.
9:17 of 2nd period - Snap shot by Tim Stutzle.
9:17 of 2nd period - Stopped by Kaapo Kahkonen with a rebound.
9:19 of 2nd period - Slapshot by Victor Hedman.
9:19 of 2nd period - Stopped by Kaapo Kahkonen without a rebound.
9:20 of 2nd period - Tim Stutzle wins face-off versus Erik Haula in Arizona Coyotes zone.
9:23 of 2nd period - Wrist shot by Tim Stutzle.
9:23 of 2nd period - Stopped by Kaapo Kahkonen with a rebound.
9:29 of 2nd period - Snap shot by Nick Schmaltz.
9:29 of 2nd period - Stopped by Kaapo Kahkonen without a rebound.
9:30 of 2nd period - Ilya Mikheyev wins face-off versus Evgeny Kuznetsov in Arizona Coyotes zone.
9:35 of 2nd period - Roman Josi is hit by Brayden McNabb and loses puck.
9:46 of 2nd period - Snap shot by Erik Haula.
9:46 of 2nd period - Shot Blocked by Roman Josi.
9:58 of 2nd period - Slapshot by Ilya Mikheyev.
9:58 of 2nd period - Deflect By James van Riemsdyk.
9:58 of 2nd period - Stopped by Andrei Vasilevskiy without a rebound.
9:59 of 2nd period - Claude Giroux wins face-off versus Ryan O'Reilly in Colorado Rockies zone.
10:02 of 2nd period - Wrist shot by David Krejci.
10:02 of 2nd period - Stopped by Andrei Vasilevskiy without a rebound.
10:03 of 2nd period - Ryan O'Reilly wins face-off versus David Krejci in Colorado Rockies zone.
10:27 of 2nd period - Off-side.
10:28 of 2nd period - Evgeny Kuznetsov wins face-off versus Tyler Seguin in neutral zone.
11:15 of 2nd period - Off-side.
11:16 of 2nd period - Erik Haula wins face-off versus Ryan O'Reilly in neutral zone.
11:19 of 2nd period - Slapshot by Matt Dumba.
11:19 of 2nd period - Deflect By David Pastrnak.
11:19 of 2nd period - Stopped by Andrei Vasilevskiy without a rebound.
11:20 of 2nd period - Ryan O'Reilly wins face-off versus Erik Haula in Colorado Rockies zone.
11:25 of 2nd period - Snap shot by Victor Hedman.
11:25 of 2nd period - Shot Blocked by Jared Spurgeon.
12:04 of 2nd period - Icing by Claude Giroux.
12:05 of 2nd period - Tyler Seguin wins face-off versus Tim Stutzle in Arizona Coyotes zone.
13:09 of 2nd period - Snap shot by Kevin Hayes.
13:09 of 2nd period - Stopped by Kaapo Kahkonen without a rebound.
13:10 of 2nd period - David Krejci wins face-off versus Ryan O'Reilly in Arizona Coyotes zone.
13:10 of 2nd period - David Krejci is hit by David Pastrnak.
13:18 of 2nd period - Wrist shot by Dmitry Orlov.
13:18 of 2nd period - Deflect By Mats Zuccarello.
13:18 of 2nd period - Stopped by Andrei Vasilevskiy with a rebound.
13:20 of 2nd period - Slapshot by David Krejci.
13:20 of 2nd period - Shot Misses the Net.
13:22 of 2nd period - Slapshot by Dmitry Orlov.
13:22 of 2nd period - Stopped by Andrei Vasilevskiy with a rebound.
14:07 of 2nd period - Snap shot by Tanner Jeannot.
14:07 of 2nd period - Shot Misses the Net.
14:09 of 2nd period - Slapshot by Brayden McNabb.
14:09 of 2nd period - Stopped by Andrei Vasilevskiy without a rebound.
14:10 of 2nd period - David Krejci wins face-off versus Ryan O'Reilly in Colorado Rockies zone.
14:46 of 2nd period - Backhand shot by Kyle Connor.
14:46 of 2nd period - Stopped by Kaapo Kahkonen with a rebound.
14:48 of 2nd period - Slapshot by Nikita Kucherov.
14:48 of 2nd period - Goal by Nikita Kucherov - Colorado Rockies : 2 - Arizona Coyotes : 0.
14:49 of 2nd period - David Krejci wins face-off versus Kyle Connor in neutral zone.
15:25 of 2nd period - Slapshot by Jesper Bratt.
15:25 of 2nd period - Shot Misses the Net.
17:02 of 2nd period - Jani Hakanpaa is hit by Jakub Vrana and loses puck.
19:02 of 2nd period - Snap shot by Charlie Coyle.
19:02 of 2nd period - Stopped by Andrei Vasilevskiy without a rebound.
19:03 of 2nd period - Tyler Seguin wins face-off versus Jesper Bratt in Colorado Rockies zone.
19:18 of 2nd period - Wrist shot by Tyler Seguin.
19:18 of 2nd period - Stopped by Andrei Vasilevskiy without a rebound.
19:19 of 2nd period - David Krejci wins face-off versus Evgeny Kuznetsov in Colorado Rockies zone.
19:20 of 2nd period - Snap shot by Claude Giroux.
19:20 of 2nd period - Shot Misses the Net.
19:57 of 2nd period - Tyler Seguin is hit by Victor Hedman and loses puck.
Goals for this period are 2 for Colorado Rockies vs 0 for Arizona Coyotes.
Shots for this period are 14 for Colorado Rockies vs 11 for Arizona Coyotes.
3rd period
0:01 of 3rd period - David Krejci wins face-off versus Evgeny Kuznetsov in neutral zone.
0:35 of 3rd period - Slapshot by Ryan O'Reilly.
0:35 of 3rd period - Shot Blocked by Dmitry Orlov.
0:37 of 3rd period - Slapshot by Shea Theodore.
0:37 of 3rd period - Stopped by Kaapo Kahkonen with a rebound.
0:57 of 3rd period - Snap shot by Erik Haula.
0:57 of 3rd period - Shot Blocked by Shea Theodore.
1:36 of 3rd period - Mats Zuccarello is hit by Victor Hedman and loses puck.
2:28 of 3rd period - Snap shot by Mats Zuccarello.
2:28 of 3rd period - Stopped by Andrei Vasilevskiy with a rebound.
2:30 of 3rd period - Snap shot by David Krejci.
2:30 of 3rd period - Shot Misses the Net.
2:48 of 3rd period - Wrist shot by David Krejci.
2:48 of 3rd period - Stopped by Andrei Vasilevskiy with a rebound.
2:50 of 3rd period - Snap shot by David Krejci.
2:50 of 3rd period - Goal by David Krejci - Colorado Rockies : 2 - Arizona Coyotes : 1.
2:51 of 3rd period - Tyler Seguin wins face-off versus Evgeny Kuznetsov in neutral zone.
2:54 of 3rd period - Slapshot by Dmitry Orlov.
2:54 of 3rd period - Stopped by Andrei Vasilevskiy without a rebound.
2:55 of 3rd period - Tyler Seguin wins face-off versus Evgeny Kuznetsov in Colorado Rockies zone.
3:00 of 3rd period - Snap shot by Charlie Coyle.
3:00 of 3rd period - Stopped by Andrei Vasilevskiy with a rebound.
3:02 of 3rd period - Backhand shot by Dmitry Orlov.
3:02 of 3rd period - Shot Blocked by Evgeny Kuznetsov.
3:04 of 3rd period - Snap shot by Tyler Seguin.
3:04 of 3rd period - Stopped by Andrei Vasilevskiy with a rebound.
3:10 of 3rd period - Snap shot by Charlie Coyle.
3:10 of 3rd period - Stopped by Andrei Vasilevskiy without a rebound.
3:11 of 3rd period - Tim Stutzle wins face-off versus James van Riemsdyk in Colorado Rockies zone.
3:19 of 3rd period - Off-side.
3:20 of 3rd period - Tim Stutzle wins face-off versus Erik Haula in neutral zone.
3:23 of 3rd period - Slapshot by Tim Stutzle.
3:23 of 3rd period - Deflect By Kevin Hayes.
3:23 of 3rd period - Shot Blocked by Dmitry Orlov.
3:23 of 3rd period - Puck is out of play.
3:24 of 3rd period - Evgeny Kuznetsov wins face-off versus David Krejci in Arizona Coyotes zone.
3:27 of 3rd period - Snap shot by Nikita Kucherov.
3:27 of 3rd period - Stopped by Kaapo Kahkonen with a rebound.
3:33 of 3rd period - Nikita Kucherov is hit by Dmitry Orlov.
3:34 of 3rd period - Icing by Nikita Kucherov.
3:35 of 3rd period - David Krejci wins face-off versus Evgeny Kuznetsov in Colorado Rockies zone.
3:40 of 3rd period - Wrist shot by Mats Zuccarello.
3:40 of 3rd period - Shot Misses the Net.
3:48 of 3rd period - Snap shot by David Krejci.
3:48 of 3rd period - Shot Misses the Net.
4:22 of 3rd period - Jani Hakanpaa is hit by Victor Hedman.
4:26 of 3rd period - Victor Hedman is hit by Jani Hakanpaa and loses puck.
4:33 of 3rd period - Slapshot by David Pastrnak.
4:33 of 3rd period - Stopped by Kaapo Kahkonen with a rebound.
4:35 of 3rd period - Slapshot by Jesper Bratt.
4:35 of 3rd period - Shot Blocked by Ilya Mikheyev.
4:41 of 3rd period - Minor Penalty to Jani Hakanpaa for Hooking.
4:42 of 3rd period - Evgeny Kuznetsov wins face-off versus Claude Giroux in Arizona Coyotes zone.
4:43 of 3rd period - Wrist shot by Kyle Connor.
4:43 of 3rd period - Goal by Kyle Connor - Colorado Rockies : 3 - Arizona Coyotes : 1.
4:44 of 3rd period - David Krejci wins face-off versus Evgeny Kuznetsov in neutral zone.
4:56 of 3rd period - Wrist shot by Claude Giroux.
4:56 of 3rd period - Shot Misses the Net.
5:09 of 3rd period - Minor Penalty to Jesper Bratt for Interference.
5:10 of 3rd period - Ryan O'Reilly wins face-off versus Claude Giroux in Colorado Rockies zone.
5:45 of 3rd period - Slapshot by Quinn Hughes.
5:45 of 3rd period - Stopped by Kaapo Kahkonen with a rebound.
5:47 of 3rd period - Slapshot by Shea Theodore.
5:47 of 3rd period - Stopped by Kaapo Kahkonen without a rebound.
5:47 of 3rd period - Minor Penalty to Kaapo Kahkonen for Delaying the game.
5:48 of 3rd period - Claude Giroux wins face-off versus Evgeny Kuznetsov in Arizona Coyotes zone.
6:15 of 3rd period - Victor Hedman is hit by Ilya Mikheyev and loses puck.
6:20 of 3rd period - Snap shot by Charlie Coyle.
6:20 of 3rd period - Shot Misses the Net.
6:22 of 3rd period - Slapshot by Charlie Coyle.
6:22 of 3rd period - Shot Blocked by Roman Josi.
6:24 of 3rd period - Slapshot by Matt Dumba.
6:24 of 3rd period - Shot Blocked by David Pastrnak.
7:09 of 3rd period - Penalty to Jesper Bratt is over, Jesper Bratt is back on ice.
7:12 of 3rd period - Quinn Hughes is hit by Claude Giroux and loses puck.
7:47 of 3rd period - Penalty to David Krejci is over, David Krejci is back on ice.
7:51 of 3rd period - Ryan O'Reilly is hit by Brandon Tanev and loses puck.
9:27 of 3rd period - Wrist shot by Tyler Seguin.
9:27 of 3rd period - Shot Misses the Net.
9:39 of 3rd period - Kyle Connor is hit by Tanner Jeannot and loses puck.
9:47 of 3rd period - Icing by Nikita Kucherov.
9:48 of 3rd period - Claude Giroux wins face-off versus Evgeny Kuznetsov in Colorado Rockies zone.
10:44 of 3rd period - Jakub Vrana is hit by Dmitry Orlov.
11:09 of 3rd period - Wrist shot by James van Riemsdyk.
11:09 of 3rd period - Stopped by Andrei Vasilevskiy with a rebound.
11:53 of 3rd period - Snap shot by Tim Stutzle.
11:53 of 3rd period - Shot Misses the Net.
11:55 of 3rd period - Snap shot by Kevin Hayes.
11:55 of 3rd period - Shot Misses the Net.
11:57 of 3rd period - Slapshot by Shea Theodore.
11:57 of 3rd period - Stopped by Kaapo Kahkonen with a rebound.
11:59 of 3rd period - Slapshot by Shea Theodore.
11:59 of 3rd period - Stopped by Kaapo Kahkonen without a rebound.
12:00 of 3rd period - Evgeny Kuznetsov wins face-off versus Ondrej Palat in Arizona Coyotes zone.
12:41 of 3rd period - Snap shot by Charlie Coyle.
12:41 of 3rd period - Stopped by Andrei Vasilevskiy without a rebound.
12:42 of 3rd period - Ryan O'Reilly wins face-off versus David Krejci in Colorado Rockies zone.
12:47 of 3rd period - Slapshot by Quinn Hughes.
12:47 of 3rd period - Shot Misses the Net.
13:09 of 3rd period - Mats Zuccarello is hit by Kevin Hayes and loses puck.
13:24 of 3rd period - Icing by David Krejci.
13:25 of 3rd period - Evgeny Kuznetsov wins face-off versus David Krejci in Arizona Coyotes zone.
13:26 of 3rd period - Wrist shot by Nikita Kucherov.
13:26 of 3rd period - Shot Blocked by David Krejci.
13:36 of 3rd period - Slapshot by Brayden McNabb.
13:36 of 3rd period - Shot Blocked by Nikita Kucherov.
13:38 of 3rd period - Wrist shot by David Krejci.
13:38 of 3rd period - Shot Misses the Net.
13:40 of 3rd period - Slapshot by Mats Zuccarello.
13:40 of 3rd period - Deflect By Claude Giroux.
13:40 of 3rd period - Shot Blocked by Victor Hedman.
13:40 of 3rd period - Puck is out of play.
13:41 of 3rd period - Ryan O'Reilly wins face-off versus Tyler Seguin in Colorado Rockies zone.
13:41 of 3rd period - Ryan O'Reilly is hit by Ondrej Palat.
13:47 of 3rd period - Matt Dumba is hit by Quinn Hughes and loses puck.
14:59 of 3rd period - Charlie Coyle is hit by Tim Stutzle and loses puck.
15:10 of 3rd period - Wrist shot by Tim Stutzle.
15:10 of 3rd period - Shot Misses the Net.
15:16 of 3rd period - Slapshot by Tyler Seguin.
15:16 of 3rd period - Shot Blocked by Zachary Werenski.
15:18 of 3rd period - Snap shot by Ondrej Palat.
15:18 of 3rd period - Shot Misses the Net.
15:20 of 3rd period - Wrist shot by Tyler Seguin.
15:20 of 3rd period - Shot Misses the Net.
15:22 of 3rd period - Slapshot by Jared Spurgeon.
15:22 of 3rd period - Stopped by Andrei Vasilevskiy with a rebound.
15:28 of 3rd period - Snap shot by Tyler Seguin.
15:28 of 3rd period - Stopped by Andrei Vasilevskiy without a rebound.
15:29 of 3rd period - Evgeny Kuznetsov wins face-off versus Ilya Mikheyev in Colorado Rockies zone.
15:54 of 3rd period - Dmitry Orlov is hit by Jesper Bratt and loses puck.
16:51 of 3rd period - Slapshot by James van Riemsdyk.
16:51 of 3rd period - Shot Misses the Net.
16:53 of 3rd period - Snap shot by James van Riemsdyk.
16:53 of 3rd period - Shot Blocked by Nikita Kucherov.
16:55 of 3rd period - Snap shot by Erik Haula.
16:55 of 3rd period - Stopped by Andrei Vasilevskiy without a rebound.
16:56 of 3rd period - Erik Haula wins face-off versus Kyle Connor in Colorado Rockies zone.
16:57 of 3rd period - Snap shot by Ilya Mikheyev.
16:57 of 3rd period - Goal by Ilya Mikheyev - Colorado Rockies : 3 - Arizona Coyotes : 2.
16:58 of 3rd period - Erik Haula wins face-off versus Nick Schmaltz in neutral zone.
17:36 of 3rd period - Snap shot by Nikita Kucherov.
17:36 of 3rd period - Stopped by Kaapo Kahkonen without a rebound.
17:37 of 3rd period - Tim Stutzle wins face-off versus David Krejci in Arizona Coyotes zone.
17:48 of 3rd period - Wrist shot by Mats Zuccarello.
17:48 of 3rd period - Shot Misses the Net.
17:50 of 3rd period - Wrist shot by David Krejci.
17:50 of 3rd period - Shot Misses the Net.
17:52 of 3rd period - Snap shot by Claude Giroux.
17:52 of 3rd period - Stopped by Andrei Vasilevskiy without a rebound.
17:53 of 3rd period - Erik Haula wins face-off versus Evgeny Kuznetsov in Colorado Rockies zone.
18:00 of 3rd period - Snap shot by Erik Haula.
18:00 of 3rd period - Shot Misses the Net.
18:02 of 3rd period - Slapshot by Dmitry Orlov.
18:02 of 3rd period - Stopped by Andrei Vasilevskiy with a rebound.
18:04 of 3rd period - Slapshot by James van Riemsdyk.
18:04 of 3rd period - Goal by James van Riemsdyk - Colorado Rockies : 3 - Arizona Coyotes : 3.
18:05 of 3rd period - Erik Haula wins face-off versus Tim Stutzle in neutral zone.
18:31 of 3rd period - Brayden McNabb is hit by Kyle Connor.
18:39 of 3rd period - Snap shot by David Krejci.
18:39 of 3rd period - Shot Misses the Net.
18:41 of 3rd period - Slapshot by Jared Spurgeon.
18:41 of 3rd period - Shot Blocked by Quinn Hughes.
18:59 of 3rd period - Snap shot by Jakub Vrana.
18:59 of 3rd period - Stopped by Kaapo Kahkonen without a rebound.
19:00 of 3rd period - James van Riemsdyk wins face-off versus Tim Stutzle in Arizona Coyotes zone.
19:09 of 3rd period - Kevin Hayes is hit by Ilya Mikheyev and loses puck.
19:15 of 3rd period - Off-side.
19:16 of 3rd period - Tyler Seguin wins face-off versus Evgeny Kuznetsov in neutral zone.
19:23 of 3rd period - Slapshot by Charlie Coyle.
19:23 of 3rd period - Shot Blocked by Kyle Connor.
19:33 of 3rd period - Slapshot by Tyler Seguin.
19:33 of 3rd period - Shot Hit the Post.
Goals for this period are 1 for Colorado Rockies vs 3 for Arizona Coyotes.
Shots for this period are 10 for Colorado Rockies vs 16 for Arizona Coyotes.
Overtime #1
0:01 of 1st overtime period - David Krejci wins face-off versus Ryan O'Reilly in neutral zone.
0:04 of 1st overtime period - Slapshot by Dmitry Orlov.
0:04 of 1st overtime period - Shot Misses the Net.
0:26 of 1st overtime period - Nikita Kucherov is hit by Charlie Coyle and loses puck.
1:10 of 1st overtime period - Icing by Matt Dumba.
1:11 of 1st overtime period - Erik Haula wins face-off versus Ryan O'Reilly in Arizona Coyotes zone.
1:20 of 1st overtime period - Wrist shot by David Pastrnak.
1:20 of 1st overtime period - Deflect By Jesper Bratt.
1:20 of 1st overtime period - Shot Misses the Net.
1:20 of 1st overtime period - Puck is out of play.
1:21 of 1st overtime period - Ryan O'Reilly wins face-off versus David Krejci in Arizona Coyotes zone.
1:24 of 1st overtime period - Wrist shot by David Pastrnak.
1:24 of 1st overtime period - Stopped by Kaapo Kahkonen with a rebound.
1:26 of 1st overtime period - Wrist shot by David Pastrnak.
1:26 of 1st overtime period - Shot Misses the Net.
1:28 of 1st overtime period - Wrist shot by Ryan O'Reilly.
1:28 of 1st overtime period - Stopped by Kaapo Kahkonen with a rebound.
1:30 of 1st overtime period - Slapshot by Victor Hedman.
1:30 of 1st overtime period - Shot Blocked by Brayden McNabb.
3:18 of 1st overtime period - Wrist shot by Kyle Connor.
3:18 of 1st overtime period - Stopped by Kaapo Kahkonen without a rebound.
3:19 of 1st overtime period - David Krejci wins face-off versus Evgeny Kuznetsov in Arizona Coyotes zone.
4:34 of 1st overtime period - Slapshot by Jakub Vrana.
4:34 of 1st overtime period - Goal by Jakub Vrana - Colorado Rockies : 4 - Arizona Coyotes : 3.
Goals for this period are 1 for Colorado Rockies vs 0 for Arizona Coyotes.
Shots for this period are 4 for Colorado Rockies vs 0 for Arizona Coyotes.
Back to the Top